 Dungeon Crawl Stone Soup version 0.30-a0-772-g5528072125 (webtiles) character file.

Game seed: 15452403804050088024

226702 jimonade the Phalangite (level 19, 0/161 HPs)
             Began as a Merfolk Gladiator on Feb 12, 2023.
             Was an Elder of Okawaru.
             Slain by an iron dragon (13 damage)
             ... on level 2 of the Depths.
             The game lasted 02:41:05 (48674 turns).

jimonade the Phalangite (Merfolk Gladiator)        Turns: 48674, Time: 02:41:06

Health: 0/161      AC: 27    Str: 18    XL:     19   Next: 76%
Magic:  28/29      EV: 23    Int: 14    God:    Okawaru [****..]
Gold:   3036       SH:  0    Dex: 19    Spells: 31/31 levels left

rFire   + . .      SeeInvis .    a - +9 bardiche (chaos)
rCold   . . .      Faith    .    (shield currently unavailable)
rNeg    . . .      Spirit   .    h - +0 storm dragon scales
rPois   .          Reflect  .    e - +0 helmet {Int+3}
rElec   +          Harm     .    s - +2 cloak
rCorr   .          Rampage  .    G - +0 pair of fencer's gloves {Riposte Dex+3}
Will    +....                    q - +1 pair of boots {Stlth+}
Stlth   ++                       v - amulet of regeneration
HPRegen 1.26/turn                X - +5 ring of evasion
MPRegen 0.21/turn                N - ring of protection from fire

@: heroic
A: (nimble swimmer 2), mertail
a: Renounce Religion, Heroism, Finesse


You were on level 2 of the Depths.
You worshipped Okawaru.
Okawaru was greatly pleased with you.
You visited 8 branches of the dungeon, and saw 32 of its levels.
You also visited: Sewer, Ossuary, Gauntlet and Ice Cave.

You collected 4473 gold pieces.
You spent 1437 gold pieces at shops.

Inventory:

Hand Weapons
 a - a +9 bardiche of chaos (weapon)
Armour
 e - a +0 helmet of intelligence (worn)
 h - +0 storm dragon scales (worn)
 q - a +1 pair of boots of stealth (worn)
 s - a +2 cloak (worn)
 t - a +2 chain mail of fire resistance
 G - the +0 pair of fencer's gloves (worn) {Riposte Dex+3}
   (You found it in an ice cave)

   Riposte:   It allows the wearer to riposte with melee weapons, swiftly
   retaliating against missed or blocked melee attacks.
   Dex:       It affects your dexterity (+3).
Jewellery
 i - a ring of flight
 k - an amulet of reflection
 v - an amulet of regeneration (around neck)
 N - a ring of protection from fire (right hand)
 O - the ring of Awe {Will+ Dex+6}
   (You found it on level 10 of the Dungeon)

   [ring of willpower]

   Dex:       It affects your dexterity (+6).
   Will:      It increases your willpower.
 S - a ring of see invisible
 W - a ring of poison resistance
 X - a +5 ring of evasion (left hand)
 Z - a ring of protection from cold
Wands
 g - a wand of quicksilver (34)
 w - a wand of digging (7)
 B - a wand of polymorph (30)
 I - a wand of mindburst (39)
 K - a wand of flame (40)
 P - a wand of roots (18)
 Q - a wand of paralysis (26)
Scrolls
 b - 2 scrolls of fear
 l - 7 scrolls of poison
 o - 12 scrolls of teleportation
 p - 8 scrolls of blinking
 r - a scroll of silence
 y - 8 scrolls of identify
 z - a scroll of enchant armour
 H - a scroll of enchant weapon
 J - 3 scrolls of fog
 R - 3 scrolls of magic mapping
 Y - 10 scrolls of immolation
Potions
 d - 14 potions of curing
 f - 4 potions of might
 j - 3 potions of resistance
 m - 8 potions of heal wounds
 n - 9 potions of attraction
 u - 7 potions of flight
 x - 2 potions of magic
 A - 6 potions of invisibility
 C - 18 potions of degeneration
 D - 10 potions of lignification
 F - 7 potions of brilliance
 L - 4 potions of haste
 T - 5 potions of berserk rage
 U - 13 potions of mutation
 V - a potion of ambrosia
Miscellaneous
 c - a piece from Xom's chessboard (15/15)
 M - a tin of tremorstones (2/2)


   Skills:
 + Level 17.3(22.3) Fighting
 + Level 21.5(26.5) Polearms
 - Level 5.1(10.1) Throwing
 + Level 11.8(16.8) Armour
 + Level 13.9(18.9) Dodging
 - Level 1.9(6.9) Stealth
 + Level 3.7(8.7) Shields
 - Level 6.6 Spellcasting
 - Level 3.2 Translocations
 * Level 13.6 Invocations
 * Level 10.1 Evocations


You had 31 spell levels left.
You didn't know any spells.
Your spell library contained the following spells:

 Spells                   Type           Power      Damage    Failure   Level
 Apportation              Tloc           26%        N/A       22%         1
 Gell's Gravitas          Tloc           13%        N/A       54%         3
 Teleport Other           Tloc           13%        N/A       54%         3
 Necrotise                Necr           16%        1d4       63%         1
 Cigotuvi's Dreadful Rot  Necr/Pois/Air  8%         N/A       77%         2
 Poisonous Vapours        Pois/Air       8%         N/A       77%         2
 Portal Projectile        Hex/Tloc       18%        N/A       77%         3
 Dazzling Flash           Conj/Hex       8%         N/A       94%         3
 Hailstorm                Conj/Ice       4%         3d4       94%         3
 Mephitic Cloud           Conj/Pois/Air  4%         N/A       94%         3
 Iskenderun's Mystic Bla  Conj/Tloc      9%         2d4       99%         4
 Airstrike                Air            2%         2d(1-17)  100%        4
 Anguish                  Hex/Necr       2%         N/A       100%        4
 Cause Fear               Hex            2%         N/A       100%        4
 Ice Form                 Ice/Tmut       4%         N/A       100%        4
 Leda's Liquefaction      Hex/Erth       2%         N/A       100%        4
 Alistair's Intoxication  Tmut/Pois      2%         N/A       100%        5
 Blade Hands              Tmut           2%         N/A       100%        5
 Borgnjor's Vile Clutch   Necr/Erth      2%         N/A       100%        5
 Fireball                 Conj/Fire      2%         3d4       100%        5
 Iskenderun's Battlesphe  Conj           4%         2d6       100%        5
 Lightning Bolt           Conj/Air       2%         1d13      100%        5
 Conjure Ball Lightning   Conj/Air       2%         3x3d6     100%        6
 Dispersal                Tloc           6%         N/A       100%        6
 Eringya's Noxious Bog    Tmut/Pois      2%         N/A       100%        6
 Starburst                Conj/Fire      2%         6d3       100%        6
 Dragon Form              Tmut           2%         N/A       100%        7
 Enfeeble                 Hex            2%         N/A       100%        7
 Orb of Destruction       Conj           2%         9d5       100%        7
 Summon Small Mammal      Summ           Unusable   N/A       N/A         1
 Call Canine Familiar     Summ           Unusable   N/A       N/A         3
 Tukima's Dance           Hex            Unusable   N/A       N/A         3
 Summon Lightning Spire   Summ/Air       Unusable   N/A       N/A         4
 Simulacrum               Ice/Necr       Unusable   N/A       N/A         6
 Dragon's Call            Summ           Unusable   N/A       N/A         9

Dungeon Overview and Level Annotations

Branches:
Dungeon (15/15)            Temple (1/1) D:6            Lair (5/5) D:9
  Swamp (4/4) Lair:3       Spider (0/4) Lair:3        Slime (1/5) Lair:5
    Orc (2/2) D:10            Elf (2/3) Orc:2        Vaults (0/5) D:14
 Depths (2/4) D:15          Sewer (visited)         Ossuary (visited)
  IceCv (visited)         Gauntlet (visited)

Altars:
Ashenzari
Cheibriados
Dithmenos
Elyvilon
Fedhas
Gozag
Hepliaklqana
Kikubaaqudgha
Makhleb
Nemelex Xobeh
Okawaru
Qazlal
Ru
Sif Muna
Trog
Uskayaw
Vehumet
Wu Jian
Xom
Yredelemnul
Zin
The Shining One
Jiyva

Shops:
D:1 !   D:3 *   D:5 :   D:7 (   D:12 ?   D:14 [   Orc:2 !*[=   Depths:2 (

Portals:
Hell: Depths:1 Depths:2
Pandemonium: Orc:2

Annotations:
D:6 1 runed translucent door, Crazy Yiuf
Swamp:3 2 transporters, arthad's ghost, journeyman FeSu
Swamp:4 Lernaean hydra
Elf:2 3 runed translucent doors


Innate Abilities, Weirdness & Mutations

((You are very nimble when in or above water. (Stealth+, EV+, Speed+++)))
Your lower body shifts to a powerful aquatic tail in water.


Message History

The iron dragon breathes metal splinters at you.
The spray of metal splinters hits you but does no damage.
Press: ? - help, v - describe, . - travel, g - get item
Here: an iron dragon (catching its breath)
Items here: )))))) [[[ †††.
A broken door, spattered with blood.
You gain the combat prowess of a mighty hero.
You can no longer enter into single combat with a foe.
Okawaru will no longer gift you equipment.
The frost giant hits you from afar with the +5 Lochaber axe {reach-cleave, Poleaxe Drain}!
The iron dragon bites you but does no damage.
The iron dragon closely misses you. x2
You are too injured to fight recklessly!
You barely miss the iron dragon.
The frost giant hits you from afar with the +5 Lochaber axe {reach-cleave, Poleaxe Drain}!
You slash the iron dragon!
The iron dragon is lightly wounded.
The iron dragon bites you but does no damage.
The iron dragon claws you but does no damage.
The iron dragon tramples you but does no damage.
You hit the iron dragon.
The iron dragon is lightly wounded.
The frost giant misses you.
You carve the iron dragon like a ham!!!
The iron dragon seems to grow stronger.
The iron dragon is heavily wounded.
The frost giant hits you from afar with the +5 Lochaber axe {reach-cleave, Poleaxe Drain}!!
* * * LOW HITPOINT WARNING * * *
The iron dragon breathes metal splinters at you.
The spray of metal splinters hits you but does no damage.
You barely miss the iron dragon.
The iron dragon is heavily wounded.
You slash the iron dragon! You burn the iron dragon.
The iron dragon is severely wounded.
The frost giant hits you from afar with the +5 Lochaber axe {reach-cleave, Poleaxe Drain}!!
* * * LOW HITPOINT WARNING * * *
The iron dragon bites you.
* * * LOW HITPOINT WARNING * * *
The iron dragon claws you but does no damage.
The iron dragon tramples you!
You die...

.##<.~~~~~.~≈≈~..#.....<.........
.##........~~~~..#...............
###..~~~~........#.............#.
.##..≈≈≈~.~~~~~..#.........#####.
.....~≈≈~.≈≈≈≈≈..#.....#####.....
###..~≈≈~.~≈≈≈~..#.....#...#.....
#..~≈~~.~≈~~~..#.....'...#.....
##.............DC....#####..##.
###########..@#[....# #..##.
########..(..# #...#.
..........>.## ######
............## ...........D.##
.......).".8..##
........##....C##
......#####.....## ###+#.
##.[...##


You could see an iron dragon (strong, catching breath) and a frost giant.

Vanquished Creatures
  Margery (Depths:1)
  Nikola (Swamp:2)
  A tentacled monstrosity (Depths:2)
  A lich (IceCv)
  A tengu reaver (Depths:2)
  Kirke (Lair:4)
  A thorn hunter (Swamp:2)
  2 storm dragons
  Aizul (Swamp:2)
  An iron dragon (Elf:1)
  2 fire giants (Depths:2)
  A deep elf sorcerer (Elf:1)
  3 stone giants
  A juggernaut skeleton (Depths:2)
  A deep elf demonologist (Elf:1)
  4 eleionomae
  Azrael (Orc:2)
  A bunyip (Swamp:3)
  The ghost of Beavis the Covert, a journeyman NaFE of Vehumet (D:10)
  A minotaur (Gauntlet)
  5 spark wasps (Depths:2)
  7 ettins
  An entropy weaver (shapeshifter) (Depths:1)
  2 shambling mangroves (Swamp:2)
  8 fire dragons
  5 ice dragons
  2 rakshasas
  21 hydras
  2 deep elf high priests (Elf:1)
  8 vault guards (D:14)
  Erolcha (Orc:2)
  2 spriggan air magi (Depths:2)
  4 caustic shrike simulacra (IceCv)
  3 demonspawn (Orc:2)
  5 boulder beetles
  10 dancing weapons
  3 ghost crabs
  12 alligators
  3 centaur warriors
  3 tengu warriors
  A titan zombie (Depths:2)
  4 death yaks (Lair:2)
  5 two-headed ogres
  5 hell knights (Depths:1)
  10 orc high priests (Orc:2)
  2 spriggan berserkers (Depths:2)
  8 deep elf knights
  4 skeletal warriors (D:15)
  2 goliath frogs (Swamp:1)
  2 skysharks
  4 bog bodies
  2 glowing orange brains
  4 spriggan druids
  A flayed ghost (Depths:2)
  5 deep elf archers (Elf:1)
  An obsidian statue (IceCv)
  8 swamp dragons
  2 lindwurms (Swamp:4)
  4 orc knights (Orc:2)
  2 wolf spiders
  10 deep elf zephyrmancers
  7 orc sorcerers
  4 necromancers
  9 ugly things
  A shining eye (Depths:1)
  11 deep elf pyromancers
  A tengu skeleton (Depths:2)
  6 cyclopes
  3 manticores
  A moth of wrath (Swamp:3)
  5 will-o-the-wisps
  A rust devil (Orc:2)
  Joseph (D:8)
  5 black mambas
  Maurice (D:8)
  9 elephants
  4 gargoyles
  A smoke demon (Orc:2)
  A minotaur zombie (Gauntlet)
  8 cane toads
  A komodo dragon (shapeshifter) (D:12)
  3 unseen horrors
  2 anaconda simulacra (IceCv)
  3 ice devils (IceCv)
  3 efreet (D:13)
  17 freezing wraiths (IceCv)
  6 komodo dragons
  A kobold demonologist (D:11)
  4 rime drakes
  A golden dragon simulacrum (IceCv)
  10 trolls
  11 polar bears
  5 tyrant leeches
  2 raiju (Lair:5)
  17 hornets
  24 blink frogs
  A fire giant simulacrum (Depths:2)
  2 snapping turtles (shapeshifter)
  A frost giant simulacrum (Depths:2)
  4 slime creatures (D:14)
  Sigmund (D:6)
  2 vampires (D:12)
  3 shadows
  17 spriggans
  12 water elementals
  A spriggan skeleton (Depths:2)
  A ynoxinul (Orc:2)
  A dire elephant simulacrum (IceCv)
  4 wraiths
  5 fire elementals
  5 wyverns
  Eustachio (D:6)
  5 humans
  Grum (D:8)
  5 basilisks
  A neqoxec (Orc:2)
  36 yaks
  A redback (Lair:3)
  12 vampire mosquitoes
  A steam dragon (D:8)
  4 harpy simulacra (IceCv)
  15 swamp worms
  16 water moccasins
  A water moccasin (shapeshifter) (Depths:2)
  9 wargs
  3 acid dragons
  Duvessa (D:4)
  16 hell hounds
  5 alligator simulacra (IceCv)
  5 swamp drakes
  35 orc warriors
  2 ettin simulacra (IceCv)
  2 ice beasts
  13 black bears
  4 boggarts (D:15)
  13 centaurs
  15 wolves
  10 ogres
  3 kobold brigands
  13 bullfrogs
  2 elf zombies (Ossuary)
  3 deep troll simulacra (IceCv)
  3 gnoll sergeants
  2 scorpions
  13 wights
  Dowan (D:4)
  A killer bee (D:9)
  4 lindwurm simulacra (IceCv)
  13 howler monkeys
  2 electric eels
  2 centaur zombies (Ossuary)
  12 jellies (Lair:5)
  2 hounds
  22 orc priests
  2 gnoll boudas (D:9)
  Ijyb (D:3)
  7 hell rats (Lair:5)
  6 iguanas
  26 orc wizards
  3 mummies
  A killer bee simulacrum (D:8)
  8 gnolls
  4 adders
  3 river rats (Sewer)
  2 shadow imps
  4 white imps
  An ufetubus (D:8)
  2 adder zombies (Ossuary)
  3 worms
  2 dart slugs
  79 orcs
  7 bats
  9 endoplasms
  11 giant cockroaches
  6 goblins
  8 hobgoblins
  5 jackals
  15 kobolds
  3 quokkas
  8 ball pythons
  5 frilled lizards
  2 goblin zombies
  9 hobgoblin zombies (Ossuary)
  2 jackal zombies (Ossuary)
  10 kobold zombies
  10 orc zombies (Ossuary)
  9 rats
1072 creatures vanquished.

Vanquished Creatures (others)
  An eleionoma (Swamp:3)
  A deep elf knight (Elf:1)
  A hell knight (Depths:1)
  2 bloated husks
  A spriggan (Swamp:3)
  An orc wizard (Elf:1)
  4 orcs (Elf:1)
  46 foxfires
  21 fungi
  75 plants
153 creatures vanquished.

Grand Total: 1225 creatures vanquished

Notes
Turn   | Place    | Note
-------+----------+-------------------------------------------
     0 | D:1      | jimonade the Merfolk Gladiator began the quest for the Orb.
     0 | D:1      | Reached XP level 1. HP: 16/16 MP: 1/1
    65 | D:1      | Reached XP level 2. HP: 20/22 MP: 2/2
   279 | D:1      | Reached XP level 3. HP: 25/28 MP: 3/3
   305 | D:1      | Reached skill level 5 in Polearms
   428 | D:1      | Found Qowav's Distillery.
  1016 | D:2      | Reached XP level 4. HP: 21/34 MP: 4/4
  1134 | D:2      | Identified the +2 robe of the Robin {rF+ Str+5}
  1741 | D:3      | Found Gozag's Platinum Reserve.
  1752 | D:3      | Found an opulent altar of Gozag.
  1845 | D:3      | Noticed Ijyb
  1857 | D:3      | Killed Ijyb
  1858 | D:3      | Reached skill level 6 in Polearms
  2108 | D:2      | Reached XP level 5. HP: 38/38 MP: 5/5
  2211 | D:3      | Found a glowing silver altar of Zin.
  2285 | D:3      | Found a broken altar of Ashenzari.
  2686 | D:4      | Noticed Duvessa
  3022 | D:3      | Reached skill level 7 in Polearms
  3142 | D:3      | Reached skill level 5 in Dodging
  3142 | D:3      | Reached XP level 6. HP: 42/47 MP: 6/6
  3391 | D:4      | Noticed Dowan
  4327 | D:4      | Killed Duvessa
  4328 | D:4      | Reached skill level 8 in Polearms
  4702 | D:4      | Killed Dowan
  4703 | D:4      | Reached XP level 7. HP: 32/52 MP: 7/7
  4745 | D:5      | Entered Level 5 of the Dungeon
  4745 | D:5      | Found Raotunuir's Book Boutique.
  4970 | D:5      | Reached skill level 9 in Polearms
  5075 | D:5      | Found a radiant altar of Vehumet.
  5447 | D:6      | Found a glowing drain.
  5456 | Sewer    | Entered a sewer
  5587 | Sewer    | Reached skill level 10 in Polearms
  5587 | Sewer    | Reached XP level 8. HP: 55/60 MP: 1/8
  5678 | Sewer    | Found a white marble altar of Elyvilon.
  5873 | D:6      | Noticed Sigmund
  5880 | D:6      | Killed Sigmund
  6175 | D:6      | Found a hide-covered altar of Uskayaw.
  6298 | D:6      | Reached skill level 11 in Polearms
  6445 | D:6      | Found a staircase to the Ecumenical Temple.
  6494 | Temple   | Entered the Ecumenical Temple
  6647 | Temple   | Became a worshipper of Warmaster Okawaru
  6739 | D:6      | Found a runed translucent door.
  6745 | D:6      | Noticed Crazy Yiuf
  6850 | D:6      | Found an ornate altar of the Wu Jian Council.
  6929 | D:6      | Noticed Eustachio
  6938 | D:6      | Killed Eustachio
  7012 | D:6      | Reached skill level 12 in Polearms
  7405 | D:7      | Noticed a komodo dragon
  7443 | D:7      | Reached XP level 9. HP: 48/62 MP: 0/9
  7978 | D:7      | Reached skill level 13 in Polearms
  8093 | D:7      | Noticed a hornet
  8105 | D:7      | Killed a hornet
  8159 | D:7      | Found Uvvossik's Antique Weapon Shoppe.
  8193 | D:7      | Reached * piety under Okawaru
  8362 | D:7      | Reached skill level 5 in Fighting
  8558 | D:7      | Killed a komodo dragon
  8559 | D:7      | Reached skill level 14 in Polearms
  8981 | D:8      | Reached ** piety under Okawaru
  9002 | D:8      | Noticed a polar bear
  9022 | D:8      | Killed a polar bear
  9023 | D:8      | Reached XP level 10. HP: 21/77 MP: 1/10
  9025 | D:8      | Noticed Grum
  9519 | D:8      | Found a sand-covered staircase.
  9527 | Ossuary  | Entered an ossuary
 10096 | D:8      | Found a shimmering altar of Xom.
 10146 | D:8      | Noticed Maurice
 10162 | D:8      | Killed Maurice
 10162 | D:8      | Reached *** piety under Okawaru
 10256 | D:8      | Noticed Joseph
 10369 | D:8      | Killed Joseph
 10370 | D:8      | Reached skill level 10 in Dodging
 10370 | D:8      | Reached skill level 1 in Invocations
 10526 | D:8      | Killed Grum
 11189 | D:9      | Reached **** piety under Okawaru
 11220 | D:9      | Received a gift from Okawaru
 11225 | D:9      | Reached skill level 1 in Armour
 11237 | D:9      | Reached skill level 5 in Throwing
 11507 | D:9      | Reached XP level 11. HP: 70/87 MP: 6/13
 11636 | D:9      | Found a staircase to the Lair.
 11969 | D:9      | Found a sacrificial altar of Ru.
 12040 | D:9      | Received a gift from Okawaru
 12077 | D:9      | Noticed a two-headed ogre
 12096 | D:9      | Killed a two-headed ogre
 12371 | D:9      | Identified the +0 robe of Nostig Deps {rCorr Int+2 SInv}
 12371 | D:9      | Noticed a centaur warrior
 12372 | D:9      | Noticed a deep elf pyromancer
 12424 | D:9      | Received a gift from Okawaru
 12655 | Lair:1   | Entered Level 1 of the Lair of Beasts
 13029 | Lair:1   | Noticed a boulder beetle
 13064 | Lair:1   | Reached skill level 5 in Invocations
 13076 | Lair:1   | Killed a boulder beetle
 13077 | Lair:1   | Reached skill level 10 in Fighting
 13708 | Lair:2   | Reached ***** piety under Okawaru
 13870 | Lair:2   | Received a gift from Okawaru
 14108 | Lair:2   | Noticed an eight-headed hydra
 14163 | Lair:2   | Reached XP level 12. HP: 96/99 MP: 11/16
 14175 | Lair:2   | Killed an eight-headed hydra
 14175 | Lair:2   | Received a gift from Okawaru
 14413 | Lair:2   | Reached skill level 5 in Armour
 14610 | Lair:2   | Noticed a death yak
 14610 | Lair:2   | Noticed a death yak
 14778 | Lair:2   | Noticed a death yak
 14778 | Lair:2   | Noticed a death yak
 14800 | Lair:2   | Killed a death yak
 14811 | Lair:2   | Killed a death yak
 14824 | Lair:2   | Killed a death yak
 14836 | Lair:2   | Killed a death yak
 14836 | Lair:2   | Received a gift from Okawaru
 15812 | Lair:3   | Found a staircase to the Swamp.
 16310 | Lair:3   | Reached XP level 13. HP: 73/109 MP: 11/19
 16404 | Lair:3   | Found a hole to the Spider Nest.
 17009 | Lair:4   | Received a gift from Okawaru
 17780 | Lair:4   | Reached skill level 1 in Evocations
 17982 | Lair:4   | Identified the +0 chain mail of Uskayaw's Grace {Contam
                  | Int+6}
 18046 | Lair:5   | Entered Level 5 of the Lair of Beasts
 18049 | Lair:5   | Noticed Kirke
 18119 | Lair:4   | Killed Kirke
 18120 | Lair:4   | Reached skill level 1 in Spellcasting
 18120 | Lair:4   | Reached skill level 1 in Translocations
 19144 | Lair:5   | Found a viscous altar of Jiyva.
 19145 | Lair:5   | Found a staircase to the Slime Pits.
 19451 | Lair:5   | Received a gift from Okawaru
 19920 | Lair:5   | Reached XP level 14. HP: 118/118 MP: 7/20
 20501 | Lair:5   | Identified the +3 bardiche "Seacugg" {holy, rElec rPois
                  | Str+3 Stlth+} (Okawaru gifted it to you on level 5 of the
                  | Lair of Beasts)
 20501 | Lair:5   | Received a gift from Okawaru
 21562 | Slime:1  | Entered Level 1 of the Pits of Slime
 21562 | Slime:1  | Noticed a quicksilver ooze
 21562 | Slime:1  | Noticed an azure jelly
 21821 | D:9      | Identified the +4 bardiche of the Scorpion {vamp, *Corrode
                  | rPois Str+7 SInv} (Okawaru gifted it to you on level 9 of
                  | the Dungeon)
 21821 | D:9      | Received a gift from Okawaru
 22119 | D:10     | Entered Level 10 of the Dungeon
 22119 | D:10     | Found a blossoming altar of Fedhas.
 22213 | D:10     | Found a basalt altar of Yredelemnul.
 22264 | D:10     | Identified the ring of Awe {Will+ Dex+6}
 22397 | D:10     | Reached skill level 1 in Shields
 22494 | D:10     | Noticed Beavis's ghost (journeyman NaFE)
 22765 | D:10     | Found a runed translucent gate.
 22765 | D:10     | Found a runed translucent gate.
 22765 | D:10     | Found a runed translucent gate.
 22848 | D:10     | Found a bloodstained altar of Trog.
 23020 | D:10     | Found a staircase to the Orcish Mines.
 23310 | D:11     | Found a gate leading to a gauntlet.
 23324 | Gauntlet | Entered a Gauntlet
 23324 | Gauntlet | Found a transporter.
 23324 | Gauntlet | Found a transporter.
 23324 | Gauntlet | Found a transporter.
 23325 | Gauntlet | Found a transporter.
 23328 | Gauntlet | Found a transporter.
 23340 | Gauntlet | Found a transporter.
 23404 | Gauntlet | Found a transporter.
 23416 | Gauntlet | Found a transporter.
 23430 | Gauntlet | Found a transporter.
 23440 | Gauntlet | Found a transporter.
 23455 | Gauntlet | Found a transporter.
 23461 | Gauntlet | Found a transporter.
 23822 | Gauntlet | Identified the +8 dire flail "Orb Guardian's Foe" {flame,
                  | rF+ rCorr Int+4}
 24135 | D:11     | Reached skill level 10 in Invocations
 24349 | D:11     | Reached skill level 5 in Evocations
 25842 | D:12     | Found Hecuthis's Magic Scroll Shoppe.
 26715 | D:13     | Received a gift from Okawaru
 26716 | D:13     | Reached XP level 15. HP: 106/127 MP: 14/22
 27077 | D:13     | Identified the +0 ring mail of Nuytause {Harm rN+ Str+4}
 28361 | D:14     | Found Yroumudis's Armour Shop.
 29693 | D:14     | Received a gift from Okawaru
 29819 | D:14     | Received a gift from Okawaru
 29862 | D:14     | Found a gate to the Vaults.
 30396 | D:15     | Entered Level 15 of the Dungeon
 31578 | D:15     | Received a gift from Okawaru
 31598 | D:15     | Reached skill level 1 in Stealth
 31598 | D:15     | Reached skill level 5 in Spellcasting
 31624 | D:15     | Reached skill level 15 in Fighting
 31905 | D:15     | Reached skill level 15 in Polearms
 32150 | D:15     | Found a staircase to the Depths.
 32453 | D:15     | Upgraded the game from 0.30-a0-760-g5a9884bb7c to
                  | 0.30-a0-772-g5528072125
 32645 | Orc:1    | Entered Level 1 of the Orcish Mines
 32715 | Orc:2    | Entered Level 2 of the Orcish Mines
 32815 | Orc:2    | Found Bethrub's General Store.
 32838 | Orc:2    | Found Paeto's Distillery.
 33092 | Orc:2    | Received a gift from Okawaru
 33495 | Orc:2    | Reached XP level 16. HP: 136/136 MP: 11/24
 33889 | Orc:2    | Found a staircase to the Elven Halls.
 34005 | Orc:2    | Noticed Azrael
 34034 | Orc:2    | Killed Azrael
 34183 | Orc:2    | Noticed Erolcha
 34211 | Orc:2    | Killed Erolcha
 34426 | Orc:2    | Bought a potion of experience for 900 gold pieces
 34470 | Orc:1    | Reached skill level 10 in Armour
 34470 | Orc:1    | Reached XP level 17. HP: 142/142 MP: 20/25
 35610 | Orc:2    | Found Ucroexun's Antique Armour Shoppe.
 35610 | Orc:2    | Found Roshrex's Jewellery Emporium.
 35611 | Orc:2    | Found a one-way gate leading to the halls of Pandemonium.
 35654 | Orc:2    | Bought a pair of glowing boots for 187 gold pieces
 35665 | Orc:2    | Bought a ring of protection from cold for 350 gold pieces
 36368 | Elf:1    | Entered Level 1 of the Elven Halls
 36794 | Elf:1    | Reached skill level 16 in Polearms
 37557 | Elf:1    | Found a runed translucent gate.
 37557 | Elf:1    | Found a runed translucent gate.
 37557 | Elf:1    | Found a runed translucent gate.
 37557 | Elf:1    | Found a runed translucent gate.
 37557 | Elf:1    | Found a runed translucent gate.
 37558 | Elf:1    | Found a runed translucent gate.
 38987 | Elf:2    | Reached skill level 17 in Polearms
 39136 | Elf:2    | Found a runed translucent gate.
 39137 | Elf:2    | Found a runed translucent gate.
 39137 | Elf:2    | Found a runed translucent gate.
 39398 | Swamp:1  | Entered Level 1 of the Swamp
 39833 | Swamp:1  | Reached XP level 18. HP: 149/151 MP: 23/27
 40174 | Swamp:2  | Identified the +7 triple crossbow "Ceibufra" {heavy, rPois
                  | Will+ Dex-5 Stlth+} (Okawaru gifted it to you on level 2 of
                  | the Swamp)
 40174 | Swamp:2  | Received a gift from Okawaru
 40550 | Swamp:2  | Noticed Nikola
 40569 | Swamp:2  | Killed Nikola
 40570 | Swamp:2  | Reached skill level 18 in Polearms
 40766 | Swamp:2  | Found a frozen archway.
 40767 | Swamp:2  | Noticed Aizul
 40791 | Swamp:2  | Killed Aizul
 40798 | IceCv    | Entered an ice cave
 41200 | IceCv    | Found the +0 pair of fencer's gloves {Riposte Dex+3}
 41244 | IceCv    | Found an ancient bone altar of Kikubaaqudgha.
 41528 | IceCv    | Noticed a lich
 41535 | IceCv    | Received a gift from Okawaru
 41544 | IceCv    | Killed a lich
 41545 | IceCv    | Reached skill level 19 in Polearms
 42028 | Swamp:2  | Received a gift from Okawaru
 42613 | Swamp:3  | Received a gift from Okawaru
 42951 | Swamp:3  | Noticed arthad's ghost (journeyman FeSu)
 42952 | Swamp:3  | Identified the +0 halberd of the Throat {distort, Str+3}
 42972 | Swamp:3  | Found a bloodstained altar of Trog.
 42993 | Swamp:3  | Found a transporter.
 43004 | Swamp:3  | Found a transporter.
 43042 | Swamp:3  | Received a gift from Okawaru
 43570 | Swamp:4  | Entered Level 4 of the Swamp
 44295 | Swamp:4  | Reached skill level 20 in Polearms
 44333 | Swamp:4  | Received a gift from Okawaru
 44334 | Swamp:4  | Reached XP level 19. HP: 87/159 MP: 26/28
 44400 | Swamp:4  | Noticed the 27-headed Lernaean hydra
 44527 | D:10     | Killed Beavis's ghost
 44804 | Depths:1 | Entered Level 1 of the Depths
 44907 | Depths:1 | Found a stormy altar of Qazlal.
 45270 | Depths:1 | Found a gateway to Hell.
 45272 | Depths:1 | Identified the +1 scale mail of Lykh {rPois Int+3}
 45275 | Depths:1 | Noticed Margery
 45305 | Depths:1 | Killed Margery
 45433 | Depths:1 | Found a faded altar of an unknown god.
 45433 | Depths:1 | Found a hazy altar of Hepliaklqana.
 45450 | Depths:1 | Found a faded altar of an unknown god.
 45855 | Depths:1 | Received a gift from Okawaru
 47477 | Depths:2 | Found Izon's Weapon Shoppe.
 47916 | Depths:2 | Reached skill level 21 in Polearms
 48378 | Depths:2 | Noticed a tentacled monstrosity
 48394 | Depths:2 | Killed a tentacled monstrosity
 48401 | Depths:2 | Received a gift from Okawaru
 48418 | Depths:2 | Received a gift from Okawaru
 48438 | Depths:2 | Reached skill level 10 in Evocations
 48674 | Depths:2 | Slain by an iron dragon

Illustrated notes

Levels and vault maps discovered:
D:1:      scummos_arrival_simple_fountains, layout_loops_cross, serial_shops,
          nicolae_shop_advertising_works [nicolae_subvault_shop_adworks],
          dreamdust_mushroom_princess, minmay_tetromino_l2
D:2:      layout_loops_ring, chequers_serial_rivers_small_3
D:3:      layout_rooms, marbit_many_paths, nicolae_gozag_zags_fifth_avenue,
          zin_treasury, uniq_ijyb
D:4:      layout_basic, serial_bayou_pond_a, uniq_duvessa
D:5:      layout_cave_pools, kennysheep_mini, serial_shops,
          nicolae_shop_hallway_stairs
D:6:      layout_loops_corners, nzn_wu_jian_council_hall,
          nicolae_uskayaw_dance_hall, minmay_temple_entry_overgrown,
          cheibrodos_sewer_entry_drain, uniq_eustachio, uniq_sigmund,
          uniq_crazy_yiuf_cottage
D:7:      layout_loops_ring, serial_shops, nicolae_shop_overgrown_old_shop,
          minmay_lizard_king
D:8:      layout_basic, brannock_xom_greatest_gift, serial_ice, serial_ice_a,
          serial_ice_e, serial_ice_h, serial_ice_d, serial_ice_b, serial_ice_m,
          serial_ice_c, nicolae_ossuary_entry_giza, uniq_joseph, uniq_maurice,
          uniq_grum
D:9:      kennysheep_windowed_halls, layout_irregular_city,
          nicolae_ru_great_annihilating_truth, grunt_lair_entry_orc_guard_hut
D:10:     layout_rooms, lightli_temple_of_fire,
          mainiacjoe_overflow_catch_the_wave, erik_orc_1, gammafunk_ghost_split
D:11:     nzn_winding_woodlands_medium [nzn_winding_woodlands_5x5_checkerboard,
          nzn_winding_woodlands_5x15_jagged,
          nzn_winding_woodlands_5x5_open_star, nzn_winding_woodlands_5x5_cross,
          nzn_winding_woodlands_center_lodge, nzn_winding_woodlands_hourglass,
          nzn_winding_woodlands_5x5_three,
          nzn_winding_woodlands_5x15_split_checker,
          nzn_winding_woodlands_5x5_closed_star], layout_basic,
          gauntlet_entry_generic
D:12:     layout_loops_ring, serial_shops, nicolae_take_the_stairs
D:13:     layout_basic, serial_bayou, serial_bayou_pond_e, serial_bayou_pond_d,
          serial_bayou_shore_a, serial_bayou_shore_b
D:14:     kennysheep_spiral_hall, layout_layer_cave, erik_vaults_2,
          serial_shops, shop, minmay_misc_feat_doors
D:15:     grunt_enter_depths_hoard, layout_basic, minmay_misc_feat_four_crosses
Temple:   jpeg_temple_clearing
Lair:1:   layout_regular_city
Lair:2:   layout_cave_pods
Lair:3:   layout_hall_layers, minmay_swamp_entry_worms, spider_nest_entry_webs
Lair:4:   layout_big_grid
Lair:5:   hangedman_lair_caniforms_friends, layout_cave_pods, wormcave,
          minmay_slime_entry_jelly_boxes, serial_bayou_pond_e,
          wad_woods_road_05, uniq_kirke
Swamp:1:  layout_falls_marsh, evilmike_swamp_ruin_rubble_2, swamp_pool2
Swamp:2:  layout_basic_swamp, portal_ice_cave_entry_pillars_three,
          nicolae_swamp_triple_paths, nicolae_swamp_treefoil, uniq_aizul,
          uniq_nikola
Swamp:3:  layout_basic_swamp, gammafunk_ghost_wrathful_warriors,
          nicolae_swamp_dense_foliage, infiniplex_staircase_pool
Swamp:4:  swamp_alternative, layout_basic_swamp
Slime:1:  layout_caves
Orc:1:    layout_diamond_mine
Orc:2:    pf_orc_diabolical, layout_diamond_mine, uniq_azrael, uniq_erolcha
Elf:1:    eino_elf_arrival_shootout, layout_loops_ring, orc_legates
Elf:2:    nicolae_elf_blades_crystal_corner, layout_geoelf_diagonals
Depths:1: layout_gridville, nicolae_qazlal_scattered_showers, grunt_metal_band,
          grunt_decor_one_mirror, grunt_ministairs_8, chequers_big_river,
          mumra_transporter_accident, kennysheep_path_1,
          nicolae_hepliaklqana_ecumenical_no_more, serial_bayou_shore_b
Depths:2: grunt_twisty_corner, layout_gridville, abyss_entry, serial_shops,
          statue_bzr, nicolae_shop_trees, hell_entry, rand_demon_pan_entry_4,
          minmay_misc_feat_five, minivault_14, minmay_fountain_box, minivault_11

Skill      XL: |  1  2  3  4  5  6  7  8  9 10 11 12 13 14 15 16 17 18 19 |
---------------+----------------------------------------------------------+-----
Polearms       | 5 6 7 8 10 12 14 15 17 20 21 | 21.5
Fighting       | 3 4 6 8 10 12 13 14 15 16 17 | 17.3
Dodging        | 5 6 7 8 11 12 13 | 13.9
Throwing       | 4 5 |  5.1
Invocations    | 3 6 8 9 10 11 12 13 | 13.6
Armour         | 1 4 6 7 8 9 10 11 | 11.8
Evocations     | 3 5 7 8 9 10 | 10.1
Spellcasting   | 2 3 5 6 |  6.6
Translocations | 2 3 |  3.2
Shields        | 2 3 |  3.7
Stealth        | 1 |  1.9

Action                     |  1- 3 |  4- 6 |  7- 9 | 10-12 | 13-15 | 16-18 | 19-21 || total
---------------------------+-------+-------+-------+-------+-------+-------+-------++-------
  Melee: Trident           |   112 |   284 |   206 |   670 |  1812 |   466 |       ||  3550
         Punch             |     1 |       |     1 |       |       |       |       ||     2
         Tailslap          |       |     1 |     2 |       |       |       |       ||     3
         Spear             |       |       |    67 |       |       |       |       ||    67
         Unarmed           |       |       |       |       |     1 |       |       ||     1
         Bardiche          |       |       |       |       |       |   662 |   379 ||  1041
  Throw: Throwing net      |       |     5 |     1 |     2 |       |       |       ||     8
         Dart              |       |       |    21 |       |       |       |       ||    21
         Javelin           |       |       |       |       |     1 |       |       ||     1
 Invoke: Heroism           |       |       |       |     9 |    19 |    15 |     6 ||    49
         Finesse           |       |       |       |     3 |    12 |     9 |     2 ||    26
  Evoke: Tin of tremorston |       |       |       |       |     1 |       |       ||     1
    Use: Scroll            |       |     3 |     8 |     1 |    13 |    12 |       ||    37
         Potion            |       |       |     2 |       |       |     7 |     1 ||    10
   Stab: Sleeping          |     2 |     3 |     4 |     4 |       |       |       ||    13
         Distracted        |       |     2 |       |     1 |       |       |       ||     3
         Paralysed         |       |       |       |     1 |       |       |       ||     1
         Confused          |       |       |       |       |     1 |     8 |     2 ||    11
         Petrifying        |       |       |       |       |       |     1 |       ||     1
 Armour: Leather armour    |    22 |     1 |       |     7 |       |       |       ||    30
         Robe              |       |    44 |    27 |    12 |       |       |       ||    83
         Chain mail        |       |       |       |    98 |   519 |   447 |    81 ||  1145
         Storm dragon scal |       |       |       |       |       |       |    66 ||    66
  Dodge: Dodged            |    47 |   193 |   134 |   266 |   712 |   810 |   255 ||  2417
  Block: Other             |    10 |     5 |       |       |       |    13 |       ||    28
         Reflection        |       |     1 |       |       |       |       |       ||     1
         Kite shield       |       |       |    28 |   154 |   536 |   187 |       ||   905
Riposte: Bardiche          |       |       |       |       |       |    60 |    40 ||   100

Table legend: (Time is in decaauts)
 A = Elapsed time spent in this place.
 B = Non-inter-level travel time spent in this place.
 C = Inter-level travel time spent in this place.
 D = Time resting spent in this place.
 E = Time spent auto-exploring this place.
 F = Levels seen in this place.
 G = Mean time per level.
                   A        B        C        D        E       F      G
               +--------+--------+--------+--------+--------+-----+--------+
         Total |  47408 |  43723 |   3685 |   4419 |  27504 |  36 | 1316.9 |
       Dungeon |  22820 |  20308 |   2512 |   1665 |  13831 |  15 | 1521.3 |
        Temple |    172 |    125 |     47 |      0 |    109 |   1 |  172.0 |
          Lair |   8845 |   8428 |    417 |    610 |   5917 |   5 | 1769.0 |
         Swamp |   3688 |   3577 |    111 |    850 |   1691 |   4 |  922.0 |
    Slime Pits |      1 |      1 |      0 |      0 |      0 |   1 |    1.0 |
  Orcish Mines |   4049 |   3756 |    293 |    585 |   2119 |   2 | 2024.5 |
   Elven Halls |   2699 |   2481 |    218 |    177 |   1489 |   2 | 1349.5 |
        Depths |   2627 |   2542 |     85 |    340 |    992 |   2 | 1313.5 |
         Sewer |    269 |    269 |      0 |      0 |    182 |   1 |  269.0 |
       Ossuary |    529 |    529 |      0 |      0 |    381 |   1 |  529.0 |
      Ice Cave |   1028 |   1028 |      0 |     57 |    515 |   1 | 1028.0 |
      Gauntlet |    677 |    677 |      0 |    135 |    277 |   1 |  677.0 |
               +--------+--------+--------+--------+--------+-----+--------+

Top non-repeatable levels by time:
   Orc:2: 3331 daAuts
  Lair:5: 3134 daAuts
    D:14: 2622 daAuts
  Lair:2: 2226 daAuts
     D:9: 1983 daAuts
    D:15: 1941 daAuts
     D:3: 1926 daAuts
   Elf:1: 1900 daAuts
     D:7: 1787 daAuts
Depths:1: 1683 daAuts
    D:13: 1678 daAuts
    D:11: 1674 daAuts
 Swamp:3: 1634 daAuts
    D:10: 1585 daAuts
     D:8: 1530 daAuts
